 Dungeon Crawl Stone Soup version 0.24.0-123-gd5b16e6ec5 (webtiles) character file.

Game seed: 8224780014824053841, levelgen mode: deterministic

52 brucemayne the Chopper (level 3, -3/31 HPs)
             Began as a Hill Orc Monk on Jan 23, 2020.
             Slain by Grinder (4 damage)
             ... while paralysed by Grinder
             ... on level 5 of the Dungeon.
             The game lasted 00:02:51 (799 turns).

brucemayne the Chopper (Hill Orc Monk)               Turns: 799, Time: 00:02:51

Health: -3/31      AC:  8    Str: 14    XL:     3   Next: 85%
Magic:  3/3        EV:  2    Int: 10    God:
Gold:   61         SH:  0    Dex: 13    Spells: 2/2 levels left

rFire    . . .     SeeInvis .   a - +1 hand axe
rCold    . . .     Gourm    .   (no shield)
rNeg     . . .     Faith    .   d - +0 chain mail
rPois    .         Spirit   .   (no helmet)
rElec    .         Reflect  .   (no cloak)
rCorr    .         Harm     .   (no gloves)
MR       .....                  (no boots)
Stlth    ..........             (no amulet)
HPRegen  0.10/turn              (no ring)
MPRegen  0.08/turn              (no ring)

@: paralysed
A: no striking features
a: no special abilities


You were on level 5 of the Dungeon.
You were not hungry.

You visited 1 branch of the dungeon, and saw 4 of its levels.

You collected 61 gold pieces.

Inventory:

Hand Weapons
 a - a +1 hand axe (weapon)
Missiles
 g - 20 poisoned darts (quivered)
Armour
 b - a +0 robe
 d - a +0 chain mail (worn)
Scrolls
 f - a scroll of remove curse
Potions
 h - 2 potions of curing {unknown}
 k - a potion of heal wounds {unknown}
 m - a potion of mutation {unknown}
Comestibles
 c - a ration


   Skills:
 - Level 3.6 Fighting
 + Level 6.2 Axes
 - Level 2.4 Dodging
 - Level 1.5 Stealth


You had 2 spell levels left.
You didn't know any spells.
Your spell library was empty.

Dungeon Overview and Level Annotations

Branches:
Dungeon (3/15)

Altars:

Annotations:
D:5 Grinder


Message History

As you read the scroll labeled AGEFA GACW, it crumbles to dust.
It is a scroll of amnesia.
You feel forgetful for a moment.
As you read the scroll labeled LECLIY VONEWE, it crumbles to dust.
You assume a fearsome visage.
Grinder is unaffected.
The ball python looks frightened!
The phantom is unaffected.
It was a scroll of fear.
Grinder hits you.
You writhe in agony.
Grinder gestures at you. Pain shoots through your body!
The phantom blinks!
Grinder hits you!
* * * LOW HITPOINT WARNING * * *
You writhe in agony.
* * * LOW HITPOINT WARNING * * *
Grinder gestures at you.
You suddenly lose the ability to move!
The phantom blinks!
Grinder hits you.
* * * LOW HITPOINT WARNING * * *
You writhe in agony.
You die...

#§# #$# #.# #§#
#.# #.# #.#
#.####.# #.##...#
#5# ...# #### #@#
.%# ...#
###W####.##...####
#........$........
#########5S.......
#.........
#.........
#.........
#....S....
######....


You could see Grinder and a phantom.

Vanquished Creatures
  2 adders
  A leopard gecko (D:3)
  A ball python (D:1)
  A giant cockroach (D:2)
  5 goblins
  3 hobgoblins
  2 jackals (D:3)
  6 kobolds
  3 bats
  2 frilled lizards
  A jackal zombie (D:2)
  5 rats
32 creatures vanquished.

Notes
Turn   | Place    | Note
-------+----------+-------------------------------------------
     0 | D:1      | brucemayne the Hill Orc Monk began the quest for the Orb.
     0 | D:1      | Reached XP level 1. HP: 19/19 MP: 1/1
   188 | D:2      | Reached skill level 5 in Axes
   188 | D:2      | Reached XP level 2. HP: 25/26 MP: 2/2
   461 | D:3      | Reached XP level 3. HP: 12/31 MP: 3/3
   589 | D:1      | Reached skill level 6 in Axes
   776 | D:3      | You fall into a shaft and drop 2 floors!
   776 | D:5      | Entered Level 5 of the Dungeon
   776 | D:5      | Noticed Grinder
   789 | D:5      | Paralysed by Grinder for 2 turns
   792 | D:5      | Noticed a phantom
   798 | D:5      | Paralysed by Grinder for 5 turns
   799 | D:5      | HP: 1/31 [Grinder (3)]
   799 | D:5      | Slain by Grinder

Levels and vault maps discovered:
D:1:      scummos_arrival_forest, layout_basic
D:2:      layout_loops_cross, grunt_decor_arrowhead
D:3:      layout_loops_ring, fedhas_altar_1, marbit_many_paths,
          gammafunk_ghost_cemetery
D:5:      layout_basic, uniq_grinder, uniq_eustachio

Skill      XL: |  1  2  3 |
---------------+----------+-----
Axes           | 5 6 |  6.2
Fighting       | |  3.6
Dodging        | |  2.4
Stealth        | |  1.5

Action                   || total
-------------------------++-------
Melee: Hand axe          ||   118
  Use: Potion            ||     2
       Scroll            ||     4
 Stab: Sleeping          ||     1
Armor: Chain mail        ||    88
       Robe              ||     3
       Skin              ||     2
Dodge: Dodged            ||    44
